 Dungeon Crawl Stone Soup version 0.31-a0-214-gb37851dbb3 (webtiles) character file.

Game seed: 12143580508242370325

354 qw the Shooter (level 6, -9/52 HPs)
             Began as a Minotaur Hexslinger on July 1, 2023.
             Mangled by Pikel
             ... wielding a +2 whip of electrocution
              (14 damage)
             ... on level 4 of the Dungeon.
             The game lasted 00:01:17 (3569 turns).

qw the Shooter (Minotaur Hexslinger)                Turns: 3569, Time: 00:01:18

Health: -9/52      AC: 10    Str: 13    XL:     6   Next: 35%
Magic:  6/6        EV: 11    Int: 10    God:
Gold:   157        SH:  0    Dex: 14    Spells: 6/7 levels left

rFire   . . .        Y - +2 sling
rCold   . . .        (no shield)
rNeg    . . .        j - +0 ring mail
rPois   +            (helmet restricted)
rElec   .            (no cloak)
rCorr   .            b - +0 pair of gloves
SInv    .            (no boots)
Will    .....        a - amulet of the acrobat
Stlth   +            m - +4 ring of protection
HPRegen 0.28/turn    c - ring of poison resistance
MPRegen 0.10/turn

%: acrobat
@: no status effects
A: horns 2, retaliatory headbutt
a: no special abilities


You were on level 4 of the Dungeon.
You visited 1 branch of the dungeon, and saw 4 of its levels.

You collected 206 gold pieces.
You spent 49 gold pieces at shops.


Innate Abilities, Weirdness & Mutations

You have a pair of horns on your head.
You reflexively headbutt those who attack you in melee.


   Skills:
 - Level 4.1 Fighting
 + Level 6.3 Ranged Weapons
 - Level 1.0 Armour
 - Level 2.1 Dodging
 - Level 1.0 Spellcasting
 - Level 2.0 Hexes


You had 6 spell levels left.
You knew the following spells:

 Your Spells              Type           Power      Damage    Failure   Level
a - Slow                  Hex            16%        N/A       32%         1

Your spell library contained the following spells:

 Spells                   Type           Power      Damage    Failure   Level
 Inner Flame              Hex/Fire       2%         N/A       82%         3
 Portal Projectile        Hex/Tloc       4%         N/A       82%         3
 Cause Fear               Hex            2%         N/A       97%         4

Inventory:

Hand Weapons
 Y - a +2 sling (weapon)
Armour
 b - a +0 pair of gloves (worn)
 j - a +0 ring mail (worn)
Jewellery
 a - an amulet of the acrobat (around neck)
 c - a ring of poison resistance (right hand)
 m - a +4 ring of protection (left hand)
Scrolls
 g - a scroll of identify
 l - 3 scrolls of teleportation {unknown}
 q - a scroll of fog {unknown}
Potions
 d - 2 potions of ambrosia {unknown}
 e - a potion of cancellation {unknown}
 f - a potion of might {unknown}
 h - a potion of enlightenment {unknown}
 i - a potion of curing {unknown}
 k - a potion of attraction {unknown}
 n - a potion of brilliance {unknown}
 o - a potion of degeneration {unknown}
 p - a potion of mutation {unknown}

Dungeon Overview and Level Annotations

Branches:
Dungeon (4/15)
 Temple: D:4-7

Altars:
Zin

Shops:
D:2 [

Annotations:
D:4 Pikel


Message History

You shoot a sling bullet. The sling bullet closely misses Pikel.
A lemure comes into view.
Pikel hits you with a +2 whip of electrocution!
The lemure moves out of view.
You shoot a sling bullet. The sling bullet closely misses Pikel.
You hear a shout!
Pikel hits you with a +2 whip of electrocution.
A lemure comes into view.
You shoot a sling bullet.
The sling bullet hits Pikel but does no damage.
Pikel hits you with a +2 whip of electrocution.
A lemure comes into view.
You shoot a sling bullet.
The sling bullet hits Pikel but does no damage.
Pikel hits you with a +2 whip of electrocution.
You are electrocuted!
You shoot a sling bullet. The sling bullet hits Pikel.
Pikel is lightly wounded.
Pikel hits you with a +2 whip of electrocution.
You shoot a sling bullet.
The sling bullet hits Pikel but does no damage.
Pikel is lightly wounded.
Pikel hits you with a +2 whip of electrocution. x2
You shoot a sling bullet.
The sling bullet hits Pikel but does no damage.
Pikel is lightly wounded.
Pikel cracks his whip.
Pikel hits you but does no damage.
You shoot a sling bullet.
The sling bullet hits Pikel but does no damage.
Pikel is lightly wounded.
Pikel hits you with a +2 whip of electrocution.
You shoot a sling bullet. The sling bullet hits Pikel.
Pikel is lightly wounded.
Pikel completely misses you.
You shoot a sling bullet. The sling bullet closely misses Pikel.
The sling bullet hits the lemure but does no damage.
Pikel hits you with a +2 whip of electrocution.
You are electrocuted!
You die...

##### ########
#...5####......########
#...5K..#......'.......
#@.#......#.......
#..#......#.......
#..#......#..##...
#..#......#..##...
#..#.....)#..####'
#..#......#..##...
##..#......#..##...
#...#......#..##...
#..)#>.....#...#...


You could see Pikel and 2 lemures.

Vanquished Creatures
  An ogre (D:3)
  2 hounds
  Ijyb (D:4)
  Robin (D:4)
  7 adders
  A worm (D:3)
  2 dart slugs
  2 orcs (D:4)
  11 endoplasms
  3 giant cockroaches
  11 goblins
  10 hobgoblins
  12 jackals
  13 kobolds
  3 quokkas
  10 ball pythons
  A bat (D:3)
  2 frilled lizards (D:1)
  4 rats
97 creatures vanquished.

Notes
Turn   | Place    | Note
-------+----------+-------------------------------------------
     0 | D:1      | qw the Minotaur Hexslinger began the quest for the Orb.
     0 | D:1      | Reached XP level 1. HP: 16/16 MP: 1/1
     0 | D:1      | 0 ||| qw: Version: 0.3-a-32-g5962c71
     0 | D:1      | 0 ||| qw: Game counter: 7463
     0 | D:1      | 0 ||| qw: Melee chars always use a shield: true
     0 | D:1      | 0 ||| qw: God list: Okawaru
     0 | D:1      | 0 ||| qw: Allow faded altars: false
     0 | D:1      | 0 ||| qw: Do Orc after clearing Dungeon:15 true
     0 | D:1      | 0 ||| qw: Do second Lair branch before Depths: true
     0 | D:1      | 0 ||| qw: Lair rune preference: random
     0 | D:1      | 0 ||| qw: Goals: Normal
     0 | D:1      | 0 ||| PLANNING D:1-11
   172 | D:1      | Reached skill level 3 in Ranged Weapons
   172 | D:1      | Reached XP level 2. HP: 23/23 MP: 2/2
  1129 | D:1      | 1129 ||| UPGRADING to +0 ring mail.
  1139 | D:1      | 1139 ||| DROPPING +0 robe.
  1140 | D:1      | 1140 ||| READING scroll labelled HILETO EWICK.
  1141 | D:1      | 1141 ||| READING scroll labelled JUTUJY CUFETT.
  1142 | D:1      | 1142 ||| READING scroll labelled VORYRUIZEU.
  1143 | D:1      | 1143 ||| DROPPING scroll of poison.
  1224 | D:2      | Reached XP level 3. HP: 29/29 MP: 3/3
  1236 | D:2      | Found Omum's Armour Shoppe.
  1246 | D:2      | 1246 ||| BUYING +0 pair of gloves (49 gold).
  1246 | D:2      | Bought a +0 pair of gloves for 49 gold pieces
  1246 | D:2      | 1246 ||| SHOPLISTING +4 ring mail of the Archfiend {rElec
                  | Str+3 Int-2} (441 gold, have 5).
  1249 | D:2      | Found a faded altar of an unknown god.
  1409 | D:2      | Reached skill level 4 in Ranged Weapons
  1427 | D:2      | Reached skill level 1 in Armour
  1579 | D:2      | Reached XP level 4. HP: 11/36 MP: 4/4
  1580 | D:2      | HP: 9/36 [poisoned by an adder]
  1739 | D:2      | Reached skill level 5 in Ranged Weapons
  1923 | D:2      | 1923 ||| UPGRADING to +0 pair of gloves.
  1928 | D:2      | 1928 ||| UPGRADING to amulet of the acrobat.
  1933 | D:2      | 1933 ||| UPGRADING to +4 ring of protection.
  1934 | D:2      | 1934 ||| READING 2 scrolls labelled DOZ TARAOST.
  1935 | D:2      | 1935 ||| READING 2 scrolls labelled POASENGIOTZ.
  1936 | D:2      | 1936 ||| READING scroll labelled WUILIQ OGOU.
  1937 | D:2      | 1937 ||| DRINKING 2 black potions.
  1938 | D:2      | 1938 ||| DROPPING scroll of fear.
  2047 | D:3      | Noticed an ogre
  2052 | D:3      | HP: 6/36 [ogre/+0 giant spiked club (4)]
  2053 | D:3      | 2053 ||| DRINKING potion of heal wounds.
  2056 | D:3      | Killed an ogre
  2057 | D:3      | Reached XP level 5. HP: 11/46 MP: 5/5
  2353 | D:3      | Found a glowing silver altar of Zin.
  2674 | D:3      | 2674 ||| DROPPING amulet of guardian spirit.
  2675 | D:3      | 2675 ||| UPGRADING to ring of poison resistance.
  2676 | D:3      | 2676 ||| READING scroll labelled ISSAHE FYUMI.
  2677 | D:3      | 2677 ||| READING scroll labelled BECIHU ZAN ODI.
  2678 | D:3      | 2678 ||| READING scroll labelled LEENWO CAESO.
  2830 | D:4      | Reached XP level 6. HP: 52/52 MP: 6/6
  2887 | D:4      | Noticed Robin
  2896 | D:4      | Reached skill level 6 in Ranged Weapons
  2906 | D:4      | Killed Robin
  3047 | D:4      | Noticed Ijyb
  3056 | D:4      | Killed Ijyb
  3558 | D:4      | Noticed Pikel
  3563 | D:4      | HP: 13/52 [Pikel/+2 whip of electrocution (16)]
  3565 | D:4      | HP: 6/52 [Pikel/+2 whip of electrocution (2)]
  3569 | D:4      | Mangled by Pikel

Levels and vault maps discovered:
D:1:      minmay_arrival_split_and_join, layout_basic, minmay_misc_feat_square
D:2:      layout_rooms, serial_shops, shop, ebering_ecumenical_altar_rust,
          hangedman_decor_growths, palyth_stone_intersect, minmay_misc_feat_chi,
          eino_tiny_chamber, minmay_snake_closets
D:3:      layout_basic, zin_scriptorium
D:4:      layout_gridville, hangedman_decor_lopped, uniq_pikel, uniq_ijyb,
          uniq_robin

Skill      XL: |  1  2  3  4  5  6 |
---------------+-------------------+-----
Ranged Weapons | 3 4 5 6 |  6.3
Fighting       | 2 4 |  4.1
Armour         | 1 |  1.0
Dodging        | |  2.1
Spellcasting   | |  1.0
Hexes          | |  2.0

Action                     |  1- 3 |  4- 6 || total
---------------------------+-------+-------++-------
   Fire: Sling             |   131 |   168 ||   299
    Use: Scroll            |     3 |     6 ||     9
         Potion            |       |     2 ||     2
 Armour: Robe              |     5 |       ||     5
         Ring mail         |    24 |    72 ||    96
  Dodge: Dodged            |    53 |    66 ||   119

Table legend:
 A = Non-vault XP
 B = Vault XP
 C = Vault XP percentage of total XP
 D = Non-vault monster count
 E = Vault monster count
 F = Vault count percentage of total count
                 A         B        C        D         E       F
            +---------+---------+-------+---------+---------+-------
      Total |     350 |     157 |  31.0 |      73 |      24 |  24.7
            +---------+---------+-------+---------+---------+-------
        D:1 |      40 |       0 |   0.0 |      23 |       0 |   0.0
        D:2 |      36 |      86 |  70.5 |      19 |      11 |  36.7
        D:3 |     204 |       0 |   0.0 |      17 |       0 |   0.0
        D:4 |      70 |      71 |  50.4 |      14 |      13 |  48.1
            +---------+---------+-------+---------+---------+-------
